[ AOE2 MATCH · #481234982 ]
Team RMJapanese vs Vietnamese
[ REPLAY ANALYSIS · EXTRACTED FROM THE RECORDED GAME ]
Feudal
—
Castle
—
Imperial
—
| APM avg | 23.6 |
| APM peak | 36 |
| eAPM avg | 5.1 |
| Villagers / military | 15 / 0 |
Focus
⚔️ 0.0% · 🌾 100.0%
Feudal
—
Castle
—
Imperial
—
| APM avg | 29.8 |
| APM peak | 40 |
| eAPM avg | 8.4 |
| Villagers / military | 38 / 0 |
Focus
⚔️ 1.8% · 🌾 98.2%
Feudal
—
Castle
—
Imperial
—
| APM avg | 33.4 |
| APM peak | 53 |
| eAPM avg | 8.4 |
| Villagers / military | 22 / 0 |
Focus
⚔️ 5.0% · 🌾 95.0%
Feudal
—
Castle
—
Imperial
—
| APM avg | 29.1 |
| APM peak | 49 |
| eAPM avg | 12.4 |
| Villagers / military | 24 / 0 |
Focus
⚔️ 8.9% · 🌾 91.1%
Feudal
—
Castle
—
Imperial
—
| APM avg | 15.5 |
| APM peak | 34 |
| eAPM avg | 7.0 |
| Villagers / military | 12 / 0 |
Focus
⚔️ 0.0% · 🌾 100.0%
Feudal
—
Castle
—
Imperial
—
| APM avg | 36.2 |
| APM peak | 52 |
| eAPM avg | 11.2 |
| Villagers / military | 21 / 0 |
Focus
⚔️ 1.2% · 🌾 98.8%
Feudal
—
Castle
—
Imperial
—
| APM avg | 22.4 |
| APM peak | 43 |
| eAPM avg | 7.3 |
| Villagers / military | 13 / 0 |
Focus
⚔️ 2.1% · 🌾 97.9%
Feudal
—
Castle
—
Imperial
—
| APM avg | 22.4 |
| APM peak | 44 |
| eAPM avg | 9.6 |
| Villagers / military | 27 / 0 |
Focus
⚔️ 0.0% · 🌾 100.0%
Match map
Initial resources + every placement click. Lines = walls · curves = elevation contours. ◆ gold · ⬟ stone · ● berries · ✦ relic · ◌ wall gap
Your base
我在上厕所's base
VictorWatch's base
Mr.RatBastard's base
Darth_Doge03's base
TheDukeofWrenches's base
YJHAN's base
Das_Babli's base
Smoothed initial terrain · ◌ = detected wall gap · hover for details
Inputs per minute
— vpopova189 - - 我在上厕所
Build order — vpopova189
15 actions detected in the replay
| 0:03 | Create | Villager (Male) ×5 |
| 0:07 | Build | House |
| 0:10 | Build | House |
| 1:42 | Create | Villager (Male) |
| 2:16 | Create | Villager (Male) |
| 2:53 | Build | House |
| 3:09 | Create | Villager (Male) ×3 |
| 3:35 | Create | Villager (Male) |
| 3:59 | Build | Mill |
| 5:05 | Build | Mill |
| 5:11 | Research | Loom |
| 5:25 | Build | Lumber Camp |
| 6:49 | Research | Feudal Age |
| 6:54 | Create | Villager (Male) |
| 7:41 | Create | Villager (Male) ×3 |
Build order — 我在上厕所
24 actions detected in the replay
| 0:03 | Create | Villager (Male) |
| 0:04 | Research | Loom |
| 0:04 | Create | Villager (Male) ×4 |
| 0:12 | Build | House |
| 0:13 | Build | House |
| 1:25 | Build | House |
| 1:31 | Build | House |
| 1:34 | Build | House |
| 1:34 | Build | House |
| 1:35 | Build | House |
| 1:36 | Build | House |
| 2:21 | Create | Villager (Male) ×2 |
| 2:21 | Create | Villager (Male) ×2 |
| 2:57 | Create | Villager (Male) |
| 2:57 | Create | Villager (Male) |
| 3:50 | Create | Villager (Male) ×3 |
| 3:50 | Create | Villager (Male) ×3 |
| 4:21 | Create | Villager (Male) |
| 4:21 | Create | Villager (Male) |
| 5:34 | Create | Villager (Male) ×4 |
| 5:34 | Create | Villager (Male) ×4 |
| 6:12 | Create | Villager (Male) ×3 |
| 6:12 | Create | Villager (Male) ×3 |
| 7:33 | Create | Villager (Male) ×5 |
Build order — VictorWatch
35 actions detected in the replay
| 0:02 | Build | House |
| 0:04 | Build | House |
| 0:04 | Create | Villager (Male) |
| 0:05 | Create | Villager (Male) |
| 0:05 | Create | Villager (Male) |
| 0:05 | Create | Villager (Male) |
| 0:05 | Create | Villager (Male) |
| 0:05 | Create | Villager (Male) |
| 0:25 | Build | House |
| 1:05 | Build | Lumber Camp |
| 1:08 | Research | Loom |
| 1:46 | Create | Villager (Male) |
| 2:15 | Research | Loom |
| 2:26 | Create | Villager (Male) |
| 2:29 | Research | Loom |
| 2:52 | Create | Villager (Male) |
| 2:57 | Research | Loom |
| 3:39 | Create | Villager (Male) |
| 3:40 | Create | Villager (Male) |
| 3:40 | Create | Villager (Male) |
| 3:59 | Build | Mill |
| 4:06 | Create | Villager (Male) |
| 4:06 | Create | Villager (Male) |
| 4:27 | Create | Villager (Male) |
| 4:27 | Create | Villager (Male) |
| 5:40 | Create | Villager (Male) |
| 6:01 | Create | Villager (Male) |
| 6:01 | Create | Villager (Male) |
| 6:01 | Create | Villager (Male) |
| 6:02 | Create | Villager (Male) |
| 6:02 | Create | Villager (Male) |
| 6:21 | Build | Mill |
| 7:19 | Build | House |
| 7:20 | Build | House |
| 7:21 | Build | House |
Build order — Mr.RatBastard
32 actions detected in the replay
| 0:02 | Create | Villager (Male) |
| 0:03 | Create | Villager (Male) |
| 0:05 | Build | House |
| 0:07 | Build | House |
| 0:25 | Create | Villager (Male) |
| 0:26 | Create | Villager (Male) |
| 0:35 | Create | Villager (Male) |
| 1:24 | Build | House |
| 1:29 | Create | Villager (Male) |
| 1:56 | Create | Villager (Male) |
| 1:56 | Create | Villager (Male) |
| 2:13 | Build | Lumber Camp |
| 2:14 | Create | Villager (Male) |
| 2:42 | Create | Villager (Male) |
| 3:36 | Create | Villager (Male) |
| 3:36 | Create | Villager (Male) |
| 3:50 | Create | Villager (Male) |
| 4:01 | Create | Villager (Male) |
| 4:31 | Create | Villager (Male) |
| 4:50 | Build | House |
| 4:54 | Create | Villager (Male) |
| 5:03 | Create | Villager (Male) |
| 5:04 | Create | Villager (Male) |
| 5:30 | Create | Villager (Male) |
| 6:10 | Build | Mill |
| 6:24 | Create | Villager (Male) |
| 6:46 | Create | Villager (Male) |
| 6:59 | Create | Villager (Male) |
| 7:05 | Build | House |
| 7:30 | Create | Villager (Male) |
| 7:34 | Build | Mill |
| 7:38 | Create | Villager (Male) |
Build order — Darth_Doge03
19 actions detected in the replay
| 0:02 | Create | Villager (Male) |
| 0:10 | Build | House |
| 0:33 | Create | Villager (Male) |
| 0:44 | Build | House |
| 1:30 | Create | Villager (Male) |
| 2:08 | Create | Villager (Male) |
| 2:28 | Create | Villager (Male) |
| 2:48 | Create | Villager (Male) |
| 3:18 | Create | Villager (Male) |
| 3:40 | Create | Villager (Male) |
| 4:01 | Research | Loom |
| 4:39 | Create | Villager (Male) |
| 5:35 | Build | Mill |
| 5:39 | Create | Villager (Male) |
| 6:12 | Create | Villager (Male) |
| 6:22 | Build | House |
| 7:05 | Create | Villager (Male) |
| 7:42 | Research | Wheelbarrow |
| 8:15 | Build | Mining Camp |
Build order — TheDukeofWrenches
23 actions detected in the replay
| 0:03 | Create | Villager (Male) ×5 |
| 0:05 | Build | House |
| 0:09 | Build | House |
| 1:32 | Create | Villager (Male) |
| 1:58 | Create | Villager (Male) |
| 2:28 | Build | Lumber Camp |
| 2:32 | Create | Villager (Male) |
| 2:33 | Create | Villager (Male) |
| 2:58 | Create | Villager (Male) |
| 3:40 | Create | Villager (Male) |
| 4:07 | Create | Villager (Male) |
| 4:08 | Create | Villager (Male) |
| 4:35 | Build | House |
| 4:37 | Build | House |
| 4:45 | Research | Loom |
| 4:45 | Create | Villager (Male) |
| 4:45 | Create | Villager (Male) |
| 6:09 | Create | Villager (Male) |
| 6:09 | Create | Villager (Male) |
| 6:09 | Create | Villager (Male) |
| 6:10 | Create | Villager (Male) |
| 6:10 | Create | Villager (Male) |
| 6:13 | Create | Villager (Male) |
Build order — YJHAN
20 actions detected in the replay
| 0:11 | Create | Villager (Male) |
| 0:31 | Research | Loom |
| 1:09 | Create | Villager (Male) |
| 1:50 | Create | Villager (Male) |
| 2:17 | Create | Villager (Male) |
| 2:17 | Create | Villager (Male) |
| 2:57 | Create | Villager (Male) |
| 2:57 | Create | Villager (Male) |
| 2:57 | Create | Villager (Male) |
| 2:58 | Create | Villager (Male) |
| 3:21 | Create | Villager (Male) |
| 3:40 | Build | House |
| 3:41 | Build | House |
| 3:43 | Build | House |
| 3:53 | Create | Villager (Male) |
| 3:55 | Create | Villager (Male) |
| 4:26 | Build | Mill |
| 4:44 | Create | Villager (Male) |
| 5:47 | Build | Mining Camp |
| 6:08 | Build | Lumber Camp |
Build order — Das_Babli
34 actions detected in the replay
| 0:04 | Build | House |
| 0:06 | Build | House |
| 0:06 | Create | Villager (Male) |
| 0:07 | Create | Villager (Male) |
| 0:07 | Create | Villager (Male) |
| 0:07 | Create | Villager (Male) |
| 0:39 | Create | Villager (Male) |
| 0:39 | Create | Villager (Male) |
| 1:55 | Create | Villager (Male) |
| 1:55 | Create | Villager (Male) |
| 1:56 | Create | Villager (Male) |
| 1:56 | Create | Villager (Male) |
| 2:44 | Create | Villager (Male) |
| 2:44 | Create | Villager (Male) |
| 3:12 | Create | Villager (Male) |
| 3:12 | Create | Villager (Male) |
| 3:12 | Create | Villager (Male) |
| 4:03 | Build | Mill |
| 4:06 | Create | Villager (Male) |
| 4:07 | Create | Villager (Male) |
| 4:14 | Create | Villager (Male) |
| 4:14 | Create | Villager (Male) |
| 4:35 | Build | House |
| 4:37 | Build | House |
| 5:01 | Create | Villager (Male) |
| 5:32 | Create | Villager (Male) |
| 5:32 | Create | Villager (Male) |
| 5:58 | Build | Lumber Camp |
| 6:22 | Create | Villager (Male) |
| 6:22 | Create | Villager (Male) |
| 7:04 | Create | Villager (Male) |
| 7:06 | Create | Villager (Male) |
| 7:19 | Build | Mining Camp |
| 7:58 | Create | Villager (Male) |
Match timeline
| 7:51 | 我在上厕所 · resign |
[ AI ANALYSIS · 1 CREDIT ]
What really happened in this match?
Wolo.gg analyzes every decision: build order, eco, micro, common mistakes by bracket. Personalized analysis on WhatsApp or Discord in 30 seconds.
Civ guide
Japanese
Map guide
Seasons
Perfil
Jugador #21782313